 Dungeon Crawl Stone Soup version 0.18-a0-822-gb52b7b4 (webtiles) character file.

235 patman the Chopper (level 5, 20/41 HPs)
             Began as a Demonspawn Berserker on Dec 16, 2015.
             Was a Follower of Trog.
             Quit the game on level 3 of the Dungeon.
             The game lasted 00:02:25 (309 turns).

patman the Chopper (Demonspawn Berserker)            Turns: 309, Time: 00:02:25

Health: 20/41      AC:  5    Str: 17    XL:     5   Next: 76%
Magic:  5/5        EV: 11    Int:  8    God:    Trog [*.....]
Gold:   12         SH:  0    Dex: 14    Spells: 0 memorised, 4 levels left

rFire  . . .     SeeInvis .     g - +2 hand axe (chop)
rCold  . . .     Gourm    .     h - +0 ring mail
rNeg   . . .     Faith    .     (no shield)
rPois  .         Spirit   .     (no helmet)
rElec  .         Dismiss  .     (no cloak)
rCorr  .         Reflect  .     (no gloves)
SustAt .         Harm     .     (no boots)
MR     .....                    (no amulet)
Stlth  +.........               (no ring)
                                (no ring)

@: exhausted, slowed, very slow, not resistant to hostile enchantments, very
unstealthy
A: powered by death 1, powered by pain 1
a: Berserk, Burn Spellbooks, Renounce Religion


You were on level 3 of the Dungeon.
You worshipped Trog.
Trog was aware of your devotion.
You were very hungry.

You visited 1 branch of the dungeon, and saw 4 of its levels.

You collected 12 gold pieces.

Inventory:

Hand Weapons
 a - a +0 hand axe
 g - a +2 hand axe of chopping (weapon)
Missiles
 d - 3 tomahawks (quivered)
Armour
 b - a +0 animal skin
 h - a +0 ring mail (worn)
Scrolls
 e - a scroll of fear {unknown}
 i - 4 scrolls of identify {unknown}
Potions
 j - a potion of curing {unknown}
Comestibles
 c - a bread ration
 f - a meat ration


   Skills:
 - Level 3.4 Fighting
 + Level 5.5 Axes
 - Level 0.3 Throwing
 - Level 2.0 Armour
 - Level 2.0 Dodging


You had 4 spell levels left.
You didn't know any spells.

Dungeon Overview and Level Annotations

Branches:
Dungeon (4/15)
 Temple: D:4-7

Altars:


Innate Abilities, Weirdness & Mutations

You regenerate a little health from kills.
You sometimes gain a little power by taking damage.


Message History

Grinder blinks!
Grinder hits you but does no damage.
You hit Grinder.
Grinder is almost dead.
Grinder hits you but does no damage.
You hit Grinder.
You kill Grinder!
Trog accepts your kill.
Your Axes skill gained 2 levels and is now at level 5!
You have reached level 4!
You feel agile.
Your demonic ancestry asserts itself...
You feel energised by your suffering.
You have reached level 5!
Unknown command.
Assign waypoint to what number? (0-9)
Okay, then.
Read which item? (? for menu, Esc to quit)
Okay, then.
Unknown command.
Are you sure you want to abandon this character and quit the game? (Confirm with "yes".)

.#### # .... #. ...
#.....# #### .......##...
##...#....# #......(..###
### ..##>....# ##..
#.#@.#....# ##... #.#.##
#..# .#.########...# ..##
##...#..........# ...
##......########.####....#
.......# ##......#
...)...## ###...#####
##<.....## #...#.#
#.......## #.###.#


There were no monsters in sight!

Vanquished Creatures
  Grinder (D:3)
  Terence (D:3)
  An adder (D:2)
  A goblin (D:3)
  A kobold (D:1)
  A giant cockroach (D:1)
  A rat (D:1)
7 creatures vanquished.

Notes
Turn   | Place    | Note
--------------------------------------------------------------
     0 | D:1      | patman the Demonspawn Berserker began the quest for the Orb.
     0 | D:1      | Reached XP level 1. HP: 18/18 MP: 1/1
    50 | D:2      | Gained mutation: You regenerate a little health from kills. [demonic ancestry]
    50 | D:2      | Reached XP level 2. HP: 8/24 MP: 2/2
   134 | D:3      | Noticed Terence
   142 | D:3      | Killed Terence
   142 | D:3      | Reached XP level 3. HP: 26/29 MP: 3/3
   244 | D:3      | Noticed Grinder
   252 | D:3      | Paralysed by Grinder for 2 turns
   308 | D:3      | Killed Grinder
   308 | D:3      | Reached skill level 5 in Axes
   308 | D:3      | Gained mutation: You sometimes gain a little power by taking damage. [demonic ancestry]
   308 | D:3      | Reached XP level 4. HP: 16/35 MP: 4/4
   308 | D:3      | Reached XP level 5. HP: 18/41 MP: 5/5
   309 | D:3      | Quit the game

Vault maps used:
D:1:      ncdulo_smallfort
D:2:      zin_statuary, lemuel_doored_altar,
          nicolae_gozag_cash_rules_everything_around_me, tgw_trog,
          okawaru_trees_1
D:3:      first_bread, uniq_grinder, uniq_terence, uniq_robin
D:4:      minmay_temple_entry_purple_smoke, serial_forest,
          infiniplex_forest_clump_medium, infiniplex_forest_clump_medium,
          infiniplex_forest_straight_3, infiniplex_forest_3_way,
          infiniplex_forest_split, infiniplex_forest_fountain,
          hangedman_feature_mirror

Action                   |  1- 3 |  4- 6 || total
-------------------------+-------+-------++-------
Melee: Hand axe          |    37 |       ||    37
Throw: Tomahawk          |     8 |       ||     8
Invok: Berserk           |     3 |       ||     3
